| TOP OF THE 1ST |
|
Brockton Rox batting - Pitching for Columbus Reds : RHP Amador Sadaba
|
|
Pitching: RHP Amador Sadaba
|
|
|
Batting: RHB Roger Mitchell
|
0-0: Ground out 4-3 (Groundball, 4, EV 94.4 MPH)
|
|
Batting: LHB Kien-lung Zou
|
0-0: Called Strike 0-1: Swinging Strike 0-2: Ball 1-2: Strikes out swinging
|
|
Batting: LHB Robert Gonzalez
|
0-0: Fly out, F8 (Line Drive, 78D, EV 98.8 MPH)
|
| Top of the 1st over - 0 runs, 0 hits, 0 errors, 0 left on base; Brockton 0 - Columbus 0 |
| BOTTOM OF THE 1ST |
|
Columbus Reds batting - Pitching for Brockton Rox : RHP Seb Lightfoot
|
|
Pitching: RHP Seb Lightfoot
|
|
|
Batting: RHB Ben Burkholder
|
0-0: Foul Ball, location: 2F 0-1: Swinging Strike 0-2: Ball 1-2: Foul Ball, location: 2F 1-2: SINGLE (Groundball, 4S, EV 99.4 MPH)
|
|
Batting: RHB Ernie Maldonado
|
0-0: Swinging Strike 0-1: 2-RUN HOME RUN (Flyball, 9D, EV 102.5 MPH), Distance : 384 ft
|
|
Batting: LHB Matthew Berry
|
0-0: Ball 1-0: Foul Ball, location: 2F 1-1: Foul Ball, location: 2F 1-2: Foul Ball, location: 2F 1-2: Foul Ball, location: 2F 1-2: Ball 2-2: Foul Ball, location: 2F 2-2: Foul Ball, location: 2F 2-2: Fly out, F4 (Popup, 34D, EV 68.8 MPH)
|
|
Batting: LHB Jamie Spangenberg
|
0-0: SINGLE (Groundball, 34D, EV 97.5 MPH)
|
|
Batting: SHB Cesar Pelayo
|
0-0: Ball 1-0: Foul Ball, location: 2F 1-1: Called Strike 1-2: Foul Ball, location: 2F 1-2: Foul Ball, location: 2F 1-2: Fielders Choice at 2nd, 4-6 (Groundball, 34, EV 83.1 MPH)
|
|
Batting: RHB Alex Villagomez
|
0-0: Ball 1-0: Fly out, F7 (Line Drive, 7, EV 87.5 MPH)
|
| Bottom of the 1st over - 2 runs, 3 hits, 0 errors, 1 left on base; Brockton 0 - Columbus 2 |
| TOP OF THE 2ND |
|
Brockton Rox batting - Pitching for Columbus Reds : RHP Amador Sadaba
|
|
Batting: RHB Willie Camacho
|
0-0: Called Strike 0-1: Ball 1-1: Fly out, F7 (Flyball, 7, EV 82.5 MPH)
|
|
Batting: RHB Panam Palmer
|
0-0: Ball 1-0: Ball 2-0: Called Strike 2-1: Ground out 5-3 (Groundball, 5S, EV 81.2 MPH)
|
|
Batting: RHB Mo Tsang
|
0-0: Ball 1-0: Called Strike 1-1: Called Strike 1-2: Foul Ball, location: 2F 1-2: Ball 2-2: Ball 3-2: Foul Ball, location: 2F 3-2: Foul Ball, location: 2F 3-2: Base on Balls
|
|
Batting: RHB Felix Rangel
|
0-0: Ball 1-0: Ball 2-0: Ball 3-0: Called Strike 3-1: Called Strike 3-2: Foul Ball, location: 2F 3-2: Fly out, F9 (Flyball, 9S, EV 77.5 MPH)
|
| Top of the 2nd over - 0 runs, 0 hits, 0 errors, 1 left on base; Brockton 0 - Columbus 2 |
| BOTTOM OF THE 2ND |
|
Columbus Reds batting - Pitching for Brockton Rox : RHP Seb Lightfoot
|
|
Batting: LHB Tim Kirk
|
0-0: Ball 1-0: Called Strike 1-1: SINGLE (Groundball, 4MD, EV 110.0 MPH)
|
|
Batting: RHB Aaron Barraza
|
0-0: Called Strike 0-1: Foul Ball, location: 2F 0-2: Foul Ball, location: 2F 0-2: SINGLE (Flyball, 8LS, EV 100.0 MPH) Tim Kirk to second Runner from 2nd tries for 3rd, SAFE, throw by CF made to third
|
|
Batting: RHB Ed Santibanez
|
0-0: Called Strike 0-1: Ball 1-1: Foul Ball, location: 2F 1-2: Fielders Choice at 2nd, 5-4 (Groundball, 56S, EV 78.1 MPH) Tim Kirk scores
|
|
Batting: RHB Ben Burkholder
|
0-0: Ball 1-0: SINGLE (Groundball, 3D, EV 98.1 MPH) Ed Santibanez to second Runner from 2nd tries for 3rd, SAFE, throw by RF made to third
|
|
Now in CF: Kirk Cully
|
|
|
Now in RF: Robert Gonzalez
|
|
|
Batting: RHB Ernie Maldonado
|
0-0: Swinging Strike 0-1: Ball Ben Burkholder steals 2nd base 1-1: Foul Ball, location: 2F 1-2: Ball 2-2: Foul Ball, location: 2F 2-2: Foul Ball, location: 2F 2-2: Reached on error, E3 (Groundball, 3S, EV 88.8 MPH) Ed Santibanez scores Ben Burkholder to third
|
|
Batting: LHB Matthew Berry
|
0-0: Ball 1-0: Ball 2-0: Called Strike 2-1: Foul Ball, location: 2F 2-2: 3-RUN HOME RUN (Flyball, 9D, EV 98.8 MPH), Distance : 401 ft
|
|
Pitching: RHP Armando Berrios
|
|
|
Batting: LHB Jamie Spangenberg
|
0-0: Ball 1-0: Ball 2-0: Ball 3-0: Called Strike 3-1: Base on Balls
|
|
Batting: SHB Cesar Pelayo
|
0-0: Foul Ball, location: 2F 0-1: Ball 1-1: Ball 2-1: Ball 3-1: Base on Balls Jamie Spangenberg to second
|
|
Batting: RHB Alex Villagomez
|
0-0: Ball 1-0: 3-RUN HOME RUN (Flyball, 7LD, EV 93.8 MPH), Distance : 354 ft
|
|
Batting: LHB Tim Kirk
|
0-0: Ball 1-0: Ground out 4-3 (Groundball, 4, EV 77.5 MPH)
|
|
Batting: RHB Aaron Barraza
|
0-0: DOUBLE (Flyball, 78XD, EV 105.0 MPH)
|
|
Batting: RHB Ed Santibanez
|
0-0: Called Strike 0-1: Ball 1-1: Ball 2-1: Called Strike 2-2: Strikes out looking
|
| Bottom of the 2nd over - 8 runs, 6 hits, 1 error, 1 left on base; Brockton 0 - Columbus 10 |
| TOP OF THE 3RD |
|
Brockton Rox batting - Pitching for Columbus Reds : RHP Amador Sadaba
|
|
Batting: RHB Estevan Carrillo
|
0-0: Ball 1-0: Ball 2-0: Called Strike 2-1: Foul Ball, location: 2F 2-2: Ball 3-2: Base on Balls
|
|
Batting: LHB Isaiah Spitzbarth
|
0-0: Fly out, F8 (Flyball, 8RM, EV 93.1 MPH)
|
|
Batting: RHB Roger Mitchell
|
0-0: Ball 1-0: Ground out 4-3 (Groundball, 4MD, EV 105.6 MPH) Estevan Carrillo to second
|
|
Batting: LHB Kien-lung Zou
|
0-0: Ball 1-0: Called Strike 1-1: Ball 2-1: Ball 3-1: Base on Balls
|
|
Batting: LHB Robert Gonzalez
|
0-0: Ball Wild Pitch! Estevan Carrillo to third Kien-lung Zou to second 1-0: Foul Ball, location: 2F 1-1: Foul Ball, location: 2F 1-2: SINGLE (Groundball, 34D, EV 108.1 MPH) Estevan Carrillo scores Kien-lung Zou to third Runner from 3rd tries for Home, SAFE, throw by RF to home
|
|
Batting: RHB Willie Camacho
|
0-0: Ball 1-0: Fly out, F8 (Flyball, 89S, EV 93.8 MPH)
|
| Top of the 3rd over - 2 runs, 1 hit, 0 errors, 1 left on base; Brockton 2 - Columbus 10 |
| BOTTOM OF THE 3RD |
|
Columbus Reds batting - Pitching for Brockton Rox : RHP Armando Berrios
|
|
Batting: RHB Ben Burkholder
|
0-0: Ball 1-0: Called Strike 1-1: Ball 2-1: Ball 3-1: Fly out, F1 (Line Drive, P, EV 68.8 MPH)
|
|
Batting: RHB Ernie Maldonado
|
0-0: SINGLE (Line Drive, 9S, EV 100.6 MPH)
|
|
Batting: LHB Matthew Berry
|
0-0: Ball Wild Pitch! Ernie Maldonado to second 1-0: Ball 2-0: Ball 3-0: Base on Balls
|
|
Batting: LHB Jamie Spangenberg
|
0-0: Called Strike 0-1: Ball 1-1: Fly out, F8 (Line Drive, 89S, EV 88.8 MPH)
|
|
Batting: SHB Cesar Pelayo
|
0-0: Ball 1-0: Called Strike 1-1: Swinging Strike 1-2: Ball 2-2: Foul Ball, location: 2F 2-2: Foul Ball, location: 2F 2-2: Foul Ball, location: 2F 2-2: Foul Ball, location: 2F 2-2: Foul Ball, location: 2F 2-2: Ball 3-2: Foul Ball, location: 2F 3-2: Foul Ball, location: 2F 3-2: Ground out 6-3 (Groundball, 6, EV 103.8 MPH)
|
| Bottom of the 3rd over - 0 runs, 1 hit, 0 errors, 2 left on base; Brockton 2 - Columbus 10 |
| TOP OF THE 4TH |
|
Brockton Rox batting - Pitching for Columbus Reds : RHP Amador Sadaba
|
|
Batting: RHB Panam Palmer
|
0-0: Ball 1-0: Ball 2-0: Ball 3-0: Called Strike 3-1: Called Strike 3-2: Foul Ball, location: 2F 3-2: Ground out 6-3 (Groundball, 6, EV 105.0 MPH)
|
|
Batting: RHB Mo Tsang
|
0-0: Called Strike 0-1: Ball 1-1: DOUBLE (Line Drive, 9LM, EV 93.1 MPH)
|
|
Batting: RHB Kirk Cully
|
0-0: Called Strike 0-1: Ball 1-1: Hit by Pitch
|
|
Batting: RHB Estevan Carrillo
|
0-0: Called Strike 0-1: SINGLE (Groundball, 3S, EV 64.4 MPH) (infield hit) Mo Tsang to third Kirk Cully to second
|
|
Batting: LHB Isaiah Spitzbarth
|
0-0: Ball 1-0: Called Strike 1-1: Ball 2-1: SINGLE (Flyball, 8LS, EV 87.5 MPH) Mo Tsang scores Kirk Cully to third Estevan Carrillo to second
|
|
Batting: RHB Roger Mitchell
|
0-0: Ball 1-0: Ball 2-0: Called Strike 2-1: Foul Ball, location: 2F 2-2: SINGLE (Line Drive, 7S, EV 106.2 MPH) Kirk Cully scores Estevan Carrillo to third Isaiah Spitzbarth to second
|
|
Batting: LHB Kien-lung Zou
|
0-0: Fly out, F9 (Line Drive, 9S, EV 97.5 MPH)
|
|
Batting: LHB Robert Gonzalez
|
0-0: Ball 1-0: Ball 2-0: Ball 3-0: Called Strike 3-1: Foul Ball, location: 2F 3-2: Base on Balls Estevan Carrillo scores Isaiah Spitzbarth to third Roger Mitchell to second
|
|
Batting: RHB Willie Camacho
|
0-0: Called Strike 0-1: Foul Ball, location: 2F 0-2: Ball 1-2: Foul Ball, location: 2F 1-2: Ball 2-2: Foul Ball, location: 2F 2-2: Ground out U3 (Groundball, 34, EV 84.4 MPH)
|
| Top of the 4th over - 3 runs, 4 hits, 0 errors, 3 left on base; Brockton 5 - Columbus 10 |
| BOTTOM OF THE 4TH |
|
Columbus Reds batting - Pitching for Brockton Rox : RHP Armando Berrios
|
|
Pitching: RHP Nherbert Silivan
|
|
|
Batting: RHB Alex Villagomez
|
0-0: Ball 1-0: Swinging Strike 1-1: Ball 2-1: Called Strike 2-2: Strikes out swinging
|
|
Batting: LHB Tim Kirk
|
0-0: Swinging Strike 0-1: Foul Ball, location: 2F 0-2: SINGLE (Groundball, 34D, EV 104.4 MPH)
|
|
Batting: RHB Aaron Barraza
|
0-0: Ball 1-0: SINGLE (Groundball, 6MD, EV 98.8 MPH) Tim Kirk to second
|
|
Batting: RHB Ed Santibanez
|
0-0: Fly out, F8 (Line Drive, 8RM, EV 85.0 MPH)
|
|
Batting: RHB Ben Burkholder
|
0-0: Called Strike 0-1: Fly out, F4 (Popup, 23, EV 96.2 MPH)
|
| Bottom of the 4th over - 0 runs, 2 hits, 0 errors, 2 left on base; Brockton 5 - Columbus 10 |
| TOP OF THE 5TH |
|
Brockton Rox batting - Pitching for Columbus Reds : RHP Amador Sadaba
|
|
Batting: RHB Panam Palmer
|
0-0: Ball 1-0: Called Strike 1-1: Foul Ball, location: 2F 1-2: Foul Ball, location: 2F 1-2: Fly out, F6 (Flyball, 56D, EV 91.9 MPH)
|
|
Batting: RHB Mo Tsang
|
0-0: Ball 1-0: Swinging Strike 1-1: Foul Ball, location: 2F 1-2: Foul Ball, location: 2F 1-2: Foul Ball, location: 2F 1-2: SINGLE (Line Drive, 6MD, EV 93.8 MPH)
|
|
Batting: RHB Kirk Cully
|
0-0: Fly out, F8 (Flyball, 8LD, EV 83.1 MPH)
|
|
Batting: RHB Estevan Carrillo
|
0-0: Ball 1-0: Ball 2-0: Fielders Choice at 2nd, 6-4 (Groundball, 6, EV 106.2 MPH)
|
| Top of the 5th over - 0 runs, 1 hit, 0 errors, 1 left on base; Brockton 5 - Columbus 10 |
| BOTTOM OF THE 5TH |
|
Columbus Reds batting - Pitching for Brockton Rox : RHP Nherbert Silivan
|
|
Batting: RHB Ernie Maldonado
|
0-0: Called Strike 0-1: Ball 1-1: Called Strike 1-2: Foul Ball, location: 2F 1-2: Ball 2-2: Ball 3-2: Strikes out swinging
|
|
Batting: LHB Matthew Berry
|
0-0: Ball 1-0: Swinging Strike 1-1: Ground out 6-3 (Groundball, 6, EV 89.4 MPH)
|
|
Batting: LHB Jamie Spangenberg
|
0-0: Called Strike 0-1: Foul Ball, location: 2F 0-2: Ball 1-2: Strikes out swinging
|
| Bottom of the 5th over - 0 runs, 0 hits, 0 errors, 0 left on base; Brockton 5 - Columbus 10 |
| TOP OF THE 6TH |
|
Brockton Rox batting - Pitching for Columbus Reds : RHP Amador Sadaba
|
|
Batting: LHB Isaiah Spitzbarth
|
0-0: Ball 1-0: Swinging Strike 1-1: Fly out, F8 (Flyball, 8RM, EV 85.6 MPH)
|
|
Batting: RHB Roger Mitchell
|
0-0: Ball 1-0: Called Strike 1-1: Ball 2-1: Ground out 6-3 (Groundball, 6, EV 88.1 MPH)
|
|
Batting: LHB Kien-lung Zou
|
0-0: Ball 1-0: Called Strike 1-1: SINGLE (Groundball, 6D, EV 96.2 MPH)
|
|
Pitching: LHP Gabe Alcantara
|
|
|
Batting: LHB Robert Gonzalez
|
0-0: SINGLE (Groundball, 15S, EV 73.1 MPH) (infield hit) Kien-lung Zou to second
|
|
Batting: RHB Willie Camacho
|
0-0: Foul Ball, location: 2F 0-1: Ball 1-1: Ball 2-1: Foul Ball, location: 2F 2-2: Ball 3-2: Foul Ball, location: 2F 3-2: Base on Balls Kien-lung Zou to third Robert Gonzalez to second
|
|
Batting: RHB Panam Palmer
|
0-0: Ball 1-0: Ball 2-0: Called Strike 2-1: Ball 3-1: SINGLE (Groundball, 56S, EV 65.6 MPH) (infield hit) Kien-lung Zou scores Robert Gonzalez to third Willie Camacho to second
|
|
Batting: RHB Mo Tsang
|
0-0: Foul Ball, location: 2F 0-1: Called Strike 0-2: Fly out, F9 (Flyball, 9S, EV 90.6 MPH)
|
| Top of the 6th over - 1 run, 3 hits, 0 errors, 3 left on base; Brockton 6 - Columbus 10 |
| BOTTOM OF THE 6TH |
|
Columbus Reds batting - Pitching for Brockton Rox : RHP Nherbert Silivan
|
|
Batting: SHB Cesar Pelayo
|
0-0: Foul Ball, location: 2F 0-1: Ball 1-1: Ball 2-1: Swinging Strike 2-2: Fly out, F9 (Flyball, 89XD, EV 79.4 MPH)
|
|
Batting: RHB Alex Villagomez
|
0-0: Called Strike 0-1: Foul Ball, location: 2F 0-2: Ball 1-2: Hit by Pitch
|
|
Pitching: RHP Austin O'Connor
|
|
|
Batting: LHB Tim Kirk
|
0-0: Ball 1-0: Called Strike 1-1: Fielders Choice at 2nd, 3-6 (Groundball, 3, EV 81.2 MPH)
|
|
Batting: RHB Aaron Barraza
|
0-0: Ball 1-0: Ball 2-0: Foul Ball, location: 2F 2-1: Ball 3-1: Called Strike 3-2: SINGLE (Groundball, 6MD, EV 103.8 MPH) (infield hit) Tim Kirk to second
|
|
Batting: RHB Ed Santibanez
|
0-0: Called Strike 0-1: Ball 1-1: Ball 2-1: Ball 3-1: Foul Ball, location: 2F 3-2: Base on Balls Tim Kirk to third Aaron Barraza to second
|
|
Batting: RHB Ben Burkholder
|
0-0: Ball 1-0: Ball 2-0: Ball 3-0: Called Strike 3-1: Called Strike 3-2: Foul Ball, location: 2F 3-2: Fly out, F8 (Line Drive, 8RM, EV 91.2 MPH)
|
| Bottom of the 6th over - 0 runs, 1 hit, 0 errors, 3 left on base; Brockton 6 - Columbus 10 |
| TOP OF THE 7TH |
|
Brockton Rox batting - Pitching for Columbus Reds : LHP Gabe Alcantara
|
|
Now in LF: Tim Kirk
|
|
|
Now in CF: Jose Cruz
|
|
|
Batting: RHB Kirk Cully
|
0-0: Foul Ball, location: 2F 0-1: Ball 1-1: Ground out U3 (Groundball, 34S, EV 65.6 MPH)
|
|
Batting: RHB Estevan Carrillo
|
0-0: Foul Ball, location: 2F 0-1: SOLO HOME RUN (Flyball, 7LD, EV 95.0 MPH), Distance : 342 ft
|
|
Batting: SHB Arihito Hiramoto
|
0-0: Foul Ball, location: 2F 0-1: Ball 1-1: Ball 2-1: Foul Ball, location: 2F 2-2: Ball 3-2: Base on Balls
|
|
Batting: RHB Roger Mitchell
|
0-0: Called Strike 0-1: Ball 1-1: Ball 2-1: Grounds into double play, 5-4-3 (Groundball, 56, EV 78.1 MPH)
|
| Top of the 7th over - 1 run, 1 hit, 0 errors, 0 left on base; Brockton 7 - Columbus 10 |
| BOTTOM OF THE 7TH |
|
Columbus Reds batting - Pitching for Brockton Rox : RHP Austin O'Connor
|
|
Batting: RHB Ernie Maldonado
|
0-0: Ball 1-0: Ball 2-0: Called Strike 2-1: Foul Ball, location: 2F 2-2: Strikes out swinging
|
|
Batting: LHB Matthew Berry
|
0-0: Foul Ball, location: 2F 0-1: Called Strike 0-2: Ball 1-2: Foul Ball, location: 2F 1-2: Strikes out swinging
|
|
Batting: LHB Jamie Spangenberg
|
0-0: DOUBLE (Flyball, 89XD, EV 96.9 MPH)
|
|
Batting: SHB Cesar Pelayo
|
0-0: Ball 1-0: Called Strike 1-1: Called Strike 1-2: Ball 2-2: Foul Ball, location: 2F 2-2: Foul Ball, location: 2F 2-2: Foul Ball, location: 2F 2-2: Foul Ball, location: 2F 2-2: Foul Ball, location: 2F 2-2: Foul Ball, location: 2F 2-2: 2-RUN HOME RUN (Line Drive, 9LD, EV 97.5 MPH), Distance : 368 ft
|
|
Pitching: RHP Mike Goodwin
|
|
|
Batting: RHB Alex Villagomez
|
0-0: Ball 1-0: Swinging Strike 1-1: Foul Ball, location: 2F 1-2: Ball 2-2: Strikes out swinging
|
| Bottom of the 7th over - 2 runs, 2 hits, 0 errors, 0 left on base; Brockton 7 - Columbus 12 |
| TOP OF THE 8TH |
|
Brockton Rox batting - Pitching for Columbus Reds : LHP Gabe Alcantara
|
|
Batting: LHB Kien-lung Zou
|
0-0: Fly out, F7 (Flyball, 7, EV 74.4 MPH)
|
|
Batting: LHB Robert Gonzalez
|
0-0: Ball 1-0: Ball 2-0: Ball 3-0: Base on Balls
|
|
Batting: RHB Willie Camacho
|
0-0: Called Strike 0-1: Swinging Strike 0-2: Ball 1-2: Foul Ball, location: 2F 1-2: Ball 2-2: Strikes out swinging
|
|
Batting: RHB Panam Palmer
|
0-0: Called Strike 0-1: Foul Ball, location: 2F 0-2: Ball 1-2: SINGLE (Line Drive, 9S, EV 93.8 MPH) Robert Gonzalez to second Runner from 2nd tries for 3rd, SAFE, throw by RF made to third
|
|
Batting: RHB Mo Tsang
|
0-0: Called Strike 0-1: Foul Ball, location: 2F 0-2: Ball 1-2: SINGLE (Line Drive, 56D, EV 100.0 MPH) Robert Gonzalez scores Panam Palmer to second Runner from 2nd tries for 3rd, SAFE, throw by LF made to third
|
|
Batting: RHB Kirk Cully
|
0-0: Ball 1-0: Ball 2-0: Fly out, F8 (Flyball, 8RM, EV 85.6 MPH)
|
| Top of the 8th over - 1 run, 2 hits, 0 errors, 2 left on base; Brockton 8 - Columbus 12 |
| BOTTOM OF THE 8TH |
|
Columbus Reds batting - Pitching for Brockton Rox : RHP Mike Goodwin
|
|
Batting: LHB Tim Kirk
|
0-0: Ball 1-0: Called Strike 1-1: Ball 2-1: Swinging Strike 2-2: Foul Ball, location: 2F 2-2: SINGLE (Line Drive, 8LS, EV 94.4 MPH)
|
|
Batting: RHB Aaron Barraza
|
0-0: Ball 1-0: Called Strike 1-1: Called Strike 1-2: Ball 2-2: Ball 3-2: Strikes out swinging
|
|
Batting: LHB Jose Cruz
|
0-0: Ball 1-0: Ball 2-0: Called Strike 2-1: Called Strike 2-2: Ball 3-2: Fly out, F8 (Flyball, 8LM, EV 87.5 MPH)
|
|
Pitching: RHP Tony Ramos
|
|
|
Batting: RHB Ben Burkholder
|
0-0: Ground out 4-3 (Groundball, 4, EV 108.1 MPH)
|
| Bottom of the 8th over - 0 runs, 1 hit, 0 errors, 1 left on base; Brockton 8 - Columbus 12 |
| TOP OF THE 9TH |
|
Brockton Rox batting - Pitching for Columbus Reds : LHP Gabe Alcantara
|
|
Pinch Hitting: SHB Robert Soto
|
0-0: Ball 1-0: Called Strike 1-1: Foul Ball, location: 2F 1-2: Foul Ball, location: 2F 1-2: Foul Ball, location: 2F 1-2: Foul Ball, location: 2F 1-2: Ball 2-2: DOUBLE (Line Drive, 7LM, EV 100.0 MPH)
|
|
Pitching: RHP Brian Trejo
|
|
|
Batting: SHB Arihito Hiramoto
|
0-0: Ball 1-0: Swinging Strike 1-1: Ground out 5-3 (Groundball, 5, EV 93.1 MPH)
|
|
Batting: RHB Roger Mitchell
|
0-0: Called Strike 0-1: Ball 1-1: Ball 2-1: Ball 3-1: SINGLE (Groundball, 6M, EV 103.8 MPH) (infield hit) Robert Soto to third
|
|
Batting: LHB Kien-lung Zou
|
0-0: Called Strike 0-1: SINGLE (Groundball, 34, EV 110.0 MPH) Robert Soto scores Roger Mitchell to second
|
|
Batting: LHB Robert Gonzalez
|
0-0: Ball 1-0: Fielders Choice at 2nd, 4-6 (Groundball, 4, EV 88.1 MPH) Roger Mitchell to third
|
|
Batting: RHB Willie Camacho
|
0-0: Swinging Strike 0-1: Called Strike 0-2: Foul Ball, location: 2F 0-2: Ball 1-2: Ball 2-2: Foul Ball, location: 2F 2-2: Foul Ball, location: 2F 2-2: Foul Ball, location: 2F 2-2: Ball 3-2: Strikes out looking
|
| Top of the 9th over - 1 run, 3 hits, 0 errors, 2 left on base; Brockton 9 - Columbus 12 |
|